 Dungeon Crawl Stone Soup version 0.26-a0-946-g9485abf61d (webtiles) character file.

Game seed: 11694092943834890033

6908 Atelerd the Thaumaturge (level 11, -5/69 HPs)
             Began as an Octopode Venom Mage on Nov 28, 2020.
             Was an Elder of Sif Muna.
             Slain by a water moccasin (6 damage)
             ... on level 8 of the Dungeon.
             The game lasted 00:32:55 (12854 turns).

Atelerd the Thaumaturge (Octopode Venom Mage)      Turns: 12854, Time: 00:32:55

Health: -5/69      AC:  1    Str: 11 (13) XL:     11   Next: 7%
Magic:  4/26       EV: 14    Int: 18 (20) God:    Sif Muna [****..]
Gold:   422        SH:  0    Dex: 11 (14) Spells: 21/32 levels left

rFire    . . .     SeeInvis +   y - +1 dagger (protect)
rCold    . . .     Faith    .   (no shield)
rNeg     . . .     Spirit   .   (helmet restricted)
rPois    .         Reflect  .   (no amulet)
rElec    .         Harm     .   f - ring of stealth
rCorr    .         Rampage  .   p - +6 ring of strength
MR       .....                  r - ring of attention (curse)
Stlth    ++++......             B - ring of see invisible
HPRegen  0.21/turn              (no ring)
MPRegen  0.20/turn              (no ring)
                                (no ring)
                                (no ring)

@: no status effects
A: almost no armour, stealthy swim, amphibious, 8 rings, constrict 8, camouflage
1, gelatinous body 1
a: Channel Magic, Forget Spell, Divine Exegesis, Renounce Religion


You were on level 8 of the Dungeon.
You worshipped Sif Muna.
Sif Muna was greatly pleased with you.
You visited 1 branch of the dungeon, and saw 9 of its levels.

You collected 422 gold pieces.

Inventory:

Hand Weapons
 a - a +0 dagger
 c - a +2 hand axe of venom
 y - a +1 dagger of protection (weapon)
Jewellery
 f - a ring of stealth (left tentacle)
 p - a +6 ring of strength (right tentacle)
 r - a cursed ring of attention (on tentacle)
 w - an uncursed ring of fire
 B - a ring of see invisible (on tentacle)
Wands
 t - a wand of disintegration (9)
 x - a wand of polymorph (15)
 D - a wand of iceblast (14)
 F - a wand of flame (21)
Scrolls
 b - 4 scrolls of amnesia {unknown}
 d - 2 scrolls of enchant weapon
 e - 4 scrolls of fog
 g - 4 scrolls of teleportation
 j - 4 scrolls of random uselessness {unknown}
 k - 3 scrolls of magic mapping {unknown}
 o - a scroll of blinking {unknown}
 q - 9 scrolls of remove curse {unknown}
 s - a scroll of fear {unknown}
 u - 2 scrolls of noise {unknown}
 v - 9 scrolls of identify
 E - a scroll of immolation {unknown}
 G - a scroll of enchant armour {unknown}
Potions
 h - 2 potions of degeneration
 i - a potion of mutation {unknown}
 l - 3 potions of curing
 m - a potion of lignification {unknown}
 n - 3 potions of heal wounds {unknown}
 z - 3 potions of flight {unknown}
 A - 3 potions of berserk rage {unknown}
 C - a potion of magic {unknown}
 H - a potion of invisibility {unknown}


   Skills:
 - Level 4.0 Fighting
 - Level 4.0 Dodging
 - Level 5.0 Stealth
 + Level 11.0 Spellcasting
 - Level 4.0 Conjurations
 - Level 3.0 Transmutations
 - Level 2.0 Fire Magic
 - Level 2.0 Air Magic
 - Level 8.0 Poison Magic
 - Level 5.0 Invocations


You had 21 spell levels left.
You knew the following spells:

 Your Spells              Type           Power        Failure   Level
a - Sting                 Tmut/Pois      ####         1%          1
b - Mephitic Cloud        Conj/Pois/Air  ####....     3%          3
f - Ignite Poison         Fire/Tmut/Pois ####....     3%          3
r - Olgreb's Toxic Radia  Pois           #####...     2%          4

Your spell library contained the following spells:

 Spells                   Type           Power        Failure   Level
 Poisonous Vapours        Pois/Air       ####..       1%          2


Dungeon Overview and Level Annotations

Branches:
Dungeon (9/15)             Temple (0/1) D:4
   Lair: D:8-11         Orc: D:9-12

Altars:
Ashenzari
Cheibriados
Kikubaaqudgha
Makhleb
Nemelex Xobeh
Qazlal
Ru
Sif Muna
Trog
Uskayaw
Vehumet
Wu Jian
Xom
The Shining One

Annotations:
D:8 exclusion: downstairs
D:9 Joseph


Innate Abilities, Weirdness & Mutations

You cannot wear most types of armour.
You are very stealthy in the water. (Stealth+)
You are amphibious.
You can wear up to eight rings at the same time.
You can use your tentacles to constrict eight enemies at once.
Your skin changes colour to match your surroundings (Stealth+).
Your rubbery body absorbs attacks. (AC +1, EV +1)


Message History

Unknown command.
Okay, then.
Okay, then.
Evoke which item? (* to show all) (? for menu, Esc to quit)
Aiming: Polymorph
Press: ? - help, Shift-Dir - straight line, f - water moccasin
Aim: a water moccasin (will become a sky beast, a bullfrog, or a fire bat, chance to defeat MR: 46%)
Okay, then.
It was a potion of degeneration.
There was something very wrong with that liquid.
You feel weakened.
You feel dopey.
You feel clumsy. The water moccasin bites you.
* * * LOW HITPOINT WARNING * * *
The bullfrog barely misses you.
Okay, then.
Unknown command.
You feel better. The water moccasin bites you!
* * * LOW HITPOINT WARNING * * *
The bullfrog misses you. The water moccasin bites you.
You die...

#.....# #.....# #.......
#.....#####.....#####.......
########..................##
#....>.............#.
#..................'.
#................(.#.
#..................##
#...F....######'#####
#...@...<#...#.......
#..S.....#...#.......
#........'...#.......
########........##..########
#........#########..##..####
#........#..............#...
#........#..................
#........#...........#......
#........#............##....


You could see a water moccasin and a bullfrog.

Vanquished Creatures
  A two-headed ogre (D:8)
  Pikel (D:4)
  Sigmund (D:4)
  Eustachio (D:4)
  2 wyverns (D:9)
  8 yaks
  Edmund (D:6)
  2 water moccasins (D:9)
  3 orc warriors
  A sky beast (D:5)
  2 ice beasts
  A black bear (D:6)
  4 phantoms
  A necrophage (D:7)
  An ogre (D:8)
  2 centaurs
  An eye of draining (D:8)
  A lemure (D:4)
  2 gnoll sergeants
  3 bullfrogs
  4 wights (D:7)
  A howler monkey (D:7)
  5 hounds
  A quasit (D:8)
  Crazy Yiuf (D:2)
  8 orc priests
  A centaur skeleton (D:8)
  3 jellies
  3 bullfrog skeletons
  Ijyb (D:3)
  2 iguanas
  12 orc wizards
  9 worker ants
  Natasha (thrice) (D:3)
  A killer bee zombie (D:8)
  3 hound skeletons
  A howler monkey skeleton (D:5)
  A worker ant zombie (D:6)
  12 gnolls
  15 adders
  A white imp (D:6)
  2 ufetubi
  2 oozes
  An adder zombie (D:5)
  An adder skeleton (D:8)
  6 worms (D:2)
  2 leopard geckos (D:1)
  40 orcs
  2 giant cockroaches (D:4)
  7 goblins
  16 hobgoblins
  12 jackals
  6 quokkas
  10 bats
  A frilled lizard (D:2)
  A jackal skeleton (D:5)
  4 kobolds
  A leopard gecko zombie (D:6)
  A quokka skeleton (D:7)
  7 rats
249 creatures vanquished.

Vanquished Creatures (others)
  8 plants (D:9)
8 creatures vanquished.

Grand Total: 257 creatures vanquished

Notes
Turn   | Place    | Note
-------+----------+-------------------------------------------
     0 | D:1      | Atelerd the Octopode Venom Mage began the quest for the
                  | Orb.
     0 | D:1      | Reached XP level 1. HP: 11/11 MP: 3/3
   557 | D:1      | Reached XP level 2. HP: 14/17 MP: 5/5
  1277 | D:1      | Reached XP level 3. HP: 17/22 MP: 6/6
  1285 | D:1      | Reached skill level 1 in Fighting
  1466 | D:1      | Found a broken altar of Ashenzari.
  1633 | D:1      | Learned a level 3 spell: Mephitic Cloud
  2443 | D:2      | Reached XP level 4. HP: 17/28 MP: 5/7
  2873 | D:2      | Found a faded altar of an unknown god.
  3045 | D:2      | Found a runed translucent door.
  3046 | D:2      | Noticed Crazy Yiuf
  3368 | D:2      | You fall into a shaft and drop 2 floors!
  3371 | D:4      | Found a sparkling altar of Nemelex Xobeh.
  3371 | D:4      | Found a radiant altar of Vehumet.
  3376 | D:4      | Found a shimmering blue altar of Sif Muna.
  3378 | D:4      | Found a snail-covered altar of Cheibriados.
  3379 | D:4      | Found a bloodstained altar of Trog.
  3382 | D:4      | Became a worshipper of Sif Muna the Loreminder
  3401 | D:4      | Noticed a phantom
  3500 | D:4      | Reached XP level 5. HP: 17/33 MP: 5/9
  3643 | D:4      | Noticed Eustachio
  3651 | D:4      | Reached skill level 5 in Poison Magic
  3833 | D:3      | Reached skill level 3 in Spellcasting
  4012 | D:3      | Reached XP level 6. HP: 25/39 MP: 1/10
  4016 | D:3      | Learned a level 3 spell: Ignite Poison
  4021 | D:3      | Learned a level 4 spell: Olgreb's Toxic Radiance
  4198 | D:3      | Noticed Ijyb
  4208 | D:3      | Killed Ijyb
  4368 | D:3      | Reached * piety under Sif Muna
  4494 | D:3      | You fall into a shaft and drop 1 floor!
  4680 | D:3      | Noticed Natasha
  4689 | D:3      | Killed Natasha
  4912 | D:3      | Reached skill level 5 in Stealth
  4912 | D:3      | Reached skill level 1 in Fire Magic
  4912 | D:3      | Reached skill level 1 in Air Magic
  5188 | D:3      | Noticed Natasha
  5191 | D:3      | Killed Natasha
  5192 | D:3      | Reached skill level 1 in Conjurations
  5291 | D:3      | Noticed Natasha
  5294 | D:3      | Killed Natasha
  5295 | D:3      | Reached XP level 7. HP: 45/45 MP: 4/12
  5573 | D:2      | Killed Crazy Yiuf
  5806 | D:4      | Killed Eustachio
  6060 | D:4      | Reached skill level 4 in Spellcasting
  6286 | D:4      | Reached XP level 8. HP: 42/50 MP: 7/14
  6927 | D:4      | Noticed Pikel
  6931 | D:4      | Killed Pikel
  6932 | D:4      | Reached skill level 5 in Spellcasting
  7020 | D:4      | Found a staircase to the Ecumenical Temple.
  7021 | D:4      | Noticed Sigmund
  7023 | D:4      | Killed Sigmund
  7024 | D:4      | Reached skill level 6 in Spellcasting
  7232 | D:5      | Entered Level 5 of the Dungeon
  7243 | D:5      | Reached XP level 9. HP: 54/54 MP: 10/18
  7363 | D:5      | Reached skill level 7 in Spellcasting
  7567 | D:5      | Reached ** piety under Sif Muna
  7993 | D:5      | Found a sacrificial altar of Ru.
  8052 | D:5      | Reached skill level 1 in Invocations
  8719 | D:5      | Found a glowing golden altar of the Shining One.
  8721 | D:5      | Found an ancient bone altar of Kikubaaqudgha.
  8721 | D:5      | Found a radiant altar of Vehumet.
  8723 | D:5      | Found a shimmering altar of Xom.
  8723 | D:5      | Found a bloodstained altar of Trog.
  8723 | D:5      | Found a sparkling altar of Nemelex Xobeh.
  8875 | D:6      | Reached skill level 8 in Spellcasting
  9045 | D:6      | Found a stormy altar of Qazlal.
  9320 | D:6      | Found an ancient bone altar of Kikubaaqudgha.
  9360 | D:6      | Noticed Edmund
  9371 | D:6      | Reached *** piety under Sif Muna
  9382 | D:6      | Killed Edmund
 10062 | D:7      | Reached XP level 10. HP: 42/63 MP: 13/22
 10383 | D:7      | Reached skill level 5 in Invocations
 10849 | D:7      | Reached **** piety under Sif Muna
 11189 | D:7      | Found a burning altar of Makhleb.
 11198 | D:7      | Reached skill level 9 in Spellcasting
 11404 | D:8      | Found an ornate altar of the Wu Jian Council.
 11404 | D:8      | Found a hide-covered altar of Uskayaw.
 11747 | D:8      | Noticed a two-headed ogre
 11767 | D:8      | Killed a two-headed ogre
 11822 | D:8      | Reached skill level 10 in Spellcasting
 12653 | D:9      | Noticed a skeletal warrior
 12824 | D:9      | Reached XP level 11. HP: 68/68 MP: 13/25
 12835 | D:9      | Reached skill level 11 in Spellcasting
 12843 | D:9      | Noticed Joseph
 12854 | D:8      | HP: 1/69 [water moccasin (10)]
 12854 | D:8      | Slain by a water moccasin

Illustrated notes

Levels and vault maps discovered:
D:1:      dpeg_arrival_tiny_d, layout_loops_ring, dk_noncrumbling_2,
          nicolae_ashenzari_panopticon
D:2:      layout_basic, chequers_ecumenical_altar_island, minmay_quantized,
          uniq_crazy_yiuf_cottage
D:3:      layout_basic, minivault_11, serial_bayou_ford_a, cheibrodos_gnoll_hut,
          uniq_ijyb, uniq_natasha
D:4:      layout_loops_ring, chequers_temple_overflow_minitemple,
          minmay_temple_entry_poolview, uniq_sigmund, uniq_eustachio, uniq_pikel
D:5:      layout_basic, nicolae_ru_path_of_blood, doesnt_xom_only_xom,
          grunt_decor_junction
D:6:      layout_basic, kennysheep_little_box, nicolae_overflow_hidden_temple,
          lemuel_crystal_altar, uniq_edmund
D:7:      layout_basic, makhleb_blood_cavern_becter
D:8:      layout_gridville, chequers_temple_overflow_statue_of_worship,
          minmay_misc_feat_secret_circle
D:9:      minmay_goldmine, layout_stronghold, minmay_lair_entry_grove,
          serial_shops, nicolae_shop_waterfront, minmay_shop_damaged,
          uniq_gastronok, uniq_joseph

Skill      XL: |  1  2  3  4  5  6  7  8  9 10 11 |
---------------+----------------------------------+-----
Stealth        | 3 4 5 |  5.0
Poison Magic   | 4 5 6 7 8 |  8.0
Fighting       | 1 2 3 4 |  4.0
Spellcasting   | 3 4 6 8 10 11 | 11.0
Fire Magic     | 1 2 |  2.0
Air Magic      | 1 2 |  2.0
Conjurations   | 1 2 4 |  4.0
Invocations    | 3 5 |  5.0
Transmutations | 2 3 |  3.0
Dodging        | 3 4 |  4.0

Action                   |  1- 3 |  4- 6 |  7- 9 | 10-12 || total
-------------------------+-------+-------+-------+-------++-------
Melee: Dagger            |     8 |       |   129 |    86 ||   223
       Constrict         |    16 |    14 |    44 |    21 ||    95
       Tentacles         |     9 |     8 |    25 |    23 ||    65
       Unarmed           |     1 |       |       |       ||     1
       Hand axe          |    50 |    50 |    24 |       ||   124
 Cast: Sting             |    29 |    41 |     9 |     5 ||    84
       Mephitic Cloud    |       |     4 |    18 |    19 ||    41
       Olgreb's Toxic Ra |       |     4 |    22 |    19 ||    45
       Ignite Poison     |       |     3 |    29 |    26 ||    58
Evoke: Wand              |       |       |       |     2 ||     2
  Use: Scroll            |       |     3 |       |       ||     3
       Potion            |       |       |       |     3 ||     3
 Stab: Sleeping          |     8 |    10 |    12 |     1 ||    31
       Confused          |       |     1 |     1 |     1 ||     3
       Distracted        |       |       |     1 |     1 ||     2
Armor: Skin              |     5 |     1 |    22 |    14 ||    42
Dodge: Dodged            |    53 |    26 |   117 |    86 ||   282

Table legend: (Time is in decaauts)
 A = Elapsed time spent in this place.
 B = Non-inter-level travel time spent in this place.
 C = Inter-level travel time spent in this place.
 D = Time resting spent in this place.
 E = Time spent auto-exploring this place.
 F = Levels seen in this place.
 G = Mean time per level.
                   A        B        C        D        E       F      G
               +--------+--------+--------+--------+--------+-----+--------+
         Total |  12891 |  12515 |    376 |   3013 |   7740 |   9 | 1432.3 |
       Dungeon |  12891 |  12515 |    376 |   3013 |   7740 |   9 | 1432.3 |
               +--------+--------+--------+--------+--------+-----+--------+

Top non-repeatable levels by time:
     D:4: 1918 daAuts
     D:1: 1869 daAuts
     D:2: 1801 daAuts
     D:3: 1680 daAuts
     D:5: 1677 daAuts
     D:8: 1424 daAuts
     D:7: 1352 daAuts
     D:6: 1084 daAuts
     D:9: 84 daAuts
